 Dungeon Crawl Stone Soup version 0.25-a0-1073-gf4359a17dd (webtiles) character file.

Game seed: 9160983673946025619, levelgen mode: classic

209 Amnesiac the Skirmisher (level 5, -5/33 HPs)
             Began as a Deep Elf Fighter on May 14, 2020.
             Slain by a sky beast (6 damage)
             ... on level 5 of the Dungeon.
             The game lasted 00:05:33 (599 turns).

Amnesiac the Skirmisher (Deep Elf Fighter)           Turns: 599, Time: 00:05:33

Health: -5/33      AC:  4    Str: 14    XL:     5   Next: 55%
Magic:  8/8        EV:  8    Int: 13    God:
Gold:   26         SH:  8    Dex: 14    Spells: 4/4 levels left

rFire    . . .     SeeInvis .   a - +0 rapier
rCold    . . .     Gourm    .   c - +0 kite shield
rNeg     . . .     Faith    .   e - +0 troll leather armour
rPois    +         Spirit   .   (no helmet)
rElec    .         Reflect  .   (no cloak)
rCorr    .         Harm     .   (no gloves)
MR       .....                  (no boots)
Stlth    +.........             (no amulet)
HPRegen  0.51/turn              i - ring of poison resistance
MPRegen  0.11/turn              (no ring)

@: no status effects
A: no striking features
a: no special abilities


You were on level 5 of the Dungeon.
You were not hungry.

You visited 1 branch of the dungeon, and saw 5 of its levels.

You collected 26 gold pieces.

Inventory:

Hand Weapons
 a - a +0 rapier (weapon)
Armour
 c - a +0 kite shield (worn)
 e - a +0 troll leather armour (worn)
Jewellery
 i - a ring of poison resistance (left hand)
Wands
 m - a wand of acid (3)
 n - a wand of polymorph (7)
Scrolls
 g - a scroll of fog {!r, unknown}
 j - a scroll of identify {!r, unknown}
 k - a scroll of teleportation {!r, unknown}
 o - 2 scrolls of fear {!r, unknown}
Potions
 d - a potion of might {!q}
 l - a potion of haste {!q}
Comestibles
 b - 4 chunks of flesh
 f - 3 rations


   Skills:
 * Level 4.1 Fighting
 + Level 3.4 Short Blades
 - Level 2.4 Armour
 - Level 2.4 Shields
 + Level 2.4 Evocations


You had 4 spell levels left.
You didn't know any spells.
Your spell library was empty.

Dungeon Overview and Level Annotations

Branches:
Dungeon (5/15)
 Temple: D:4-7

Altars:

Annotations:
D:1 Terence


Message History

You see here a +0 giant club.
There isn't anything to butcher here.
There isn't anything to butcher here.
Found a ration.
Things that are here:
a +0 club; a +0 leather armour There isn't anything to butcher here.
f - 2 rations (gained 1)
f - 3 rations (gained 1)
There is an escape hatch in the floor here.
Really go through this one-way escape hatch?
You slide downwards.
The hatch slams shut behind you.
You hear the hiss of flowing sand.
There is an entrance to an ossuary on this level.
Hurry and find it before the portal is buried!
You hear the sound of rushing water.
There is an entrance to a sewer on this level.
Hurry and find it before the portal rusts away!
HP restored.
A sky beast comes into view.
A bullfrog zombie comes into view.
You swing at nothing.
You swing at nothing.
The sky beast flickers out of sight!
Deactivating autopickup; reactivate with Ctrl-A.
You swing at nothing.
A sky beast appears from thin air!
Reactivating autopickup.
You hit the bullfrog zombie.
The bullfrog zombie is lightly damaged.
The bullfrog zombie hits you. You block the bullfrog zombie's attack.
You hit the bullfrog zombie but do no damage.
The bullfrog zombie is lightly damaged.
The bullfrog zombie hits you but does no damage.
You puncture the bullfrog zombie!
The bullfrog zombie is moderately damaged.
The bullfrog zombie hits you.
The sky beast flickers out of sight!
Deactivating autopickup; reactivate with Ctrl-A.
You hit something. You hit something. Something hits you but does no damage.
You closely miss something. Something hits you but does no damage.
You closely miss something. Something hits you. Something shocks you.
You closely miss something. Something hits you but does no damage.
You miss something. Something hits you. Something shocks you.
* * * LOW HITPOINT WARNING * * *
You miss something. Something hits you.
* * * LOW HITPOINT WARNING * * *
Something shocks you.
* * * LOW HITPOINT WARNING * * *
Evoke which item? (* to show all) (? for menu, Esc to quit)
Aiming: Corrosive Bolt
Press: ? - help, Shift-Dir - straight line, f - bullfrog zombie
Aim: a bullfrog zombie (moderately damaged)
The bolt of acid hits something!
The acid corrodes something!
The bolt of acid hits the bullfrog zombie!
The bullfrog zombie is splashed with acid.
The acid corrodes the bullfrog zombie!
The bullfrog zombie is severely damaged.
Something hits you.
* * * LOW HITPOINT WARNING * * *
Something shocks you.
* * * LOW HITPOINT WARNING * * *
A sky beast appears from thin air!
Reactivating autopickup.
The sky beast hits you.
* * * LOW HITPOINT WARNING * * *
The sky beast shocks you.
You die...

###....##
##......#
#.......#
#.....#.#
##...#..#
##.##.##
####.# ##.#
#.@# #Y## #Z#
#.....#
...........
.....#####...
....... ##
...#...
...#...


You could see a sky beast (corroded) and a bullfrog zombie (corroded).

Vanquished Creatures
  An ogre (D:4)
  A hound (D:4)
  An orc wizard (D:4)
  A worker ant (D:4)
  An adder (D:3)
  11 orcs
  A giant cockroach (D:3)
  2 goblins
  A hobgoblin (D:2)
  5 bats
  A frilled lizard (D:1)
  2 rats (D:2)
28 creatures vanquished.

Notes
Turn   | Place    | Note
-------+----------+-------------------------------------------
     0 | D:1      | Amnesiac the Deep Elf Fighter began the quest for the Orb.
     0 | D:1      | Reached XP level 1. HP: 13/13 MP: 3/3
    71 | D:2      | Noticed Terence
   229 | D:2      | Reached XP level 2. HP: 18/18 MP: 4/4
   298 | D:3      | Reached skill level 3 in Fighting
   400 | D:3      | Reached XP level 3. HP: 20/23 MP: 5/5
   428 | D:3      | Reached skill level 1 in Evocations
   503 | D:4      | Noticed an ogre
   513 | D:4      | Reached XP level 4. HP: 14/28 MP: 5/7
   515 | D:4      | Killed an ogre
   515 | D:4      | Reached skill level 4 in Fighting
   515 | D:4      | Reached XP level 5. HP: 17/33 MP: 5/8
   566 | D:5      | Entered Level 5 of the Dungeon
   581 | D:5      | Noticed a sky beast
   598 | D:5      | HP: 1/33 [something (6)]
   599 | D:5      | Slain by a sky beast

Illustrated notes

Levels and vault maps discovered:
D:1:      dpeg_arrival_pond, layout_loops_cross
D:2:      layout_basic, grunt_gozag_statues, uniq_terence, uniq_sigmund,
          uniq_robin
D:3:      layout_loops_ring, old_standard_altar, uniq_crazy_yiuf_cottage,
          uniq_ijyb, uniq_natasha
D:4:      layout_loops_corners, elyvilon_altar_3, first_ration,
          kennysheep_generic_room_16, uniq_eustachio, uniq_pikel
D:5:      layout_cave_pods, kennysheep_mini, lemuel_doored_altar,
          minmay_temple_entry_hall, chequers_ossuary_entry_cave,
          gup_sewer_entry_bowl

Skill      XL: |  1  2  3  4 |
---------------+-------------+-----
Fighting       | 3 4 |  4.1
Evocations     | 1 2 |  2.4
Short Blades   | 3 |  3.4
Armour         | |  2.4
Shields        | |  2.4

Action                   |  1- 3 |  4- 6 || total
-------------------------+-------+-------++-------
Melee: Rapier            |    75 |    25 ||   100
Evoke: Wand              |     2 |     4 ||     6
  Use: Potion            |       |     1 ||     1
 Stab: Sleeping          |     1 |       ||     1
Armor: Troll leather arm |    22 |     9 ||    31
Dodge: Dodged            |    19 |     4 ||    23
Block: Kite shield       |    30 |     6 ||    36

Table legend:
 A = Non-vault XP
 B = Vault XP
 C = Vault XP percentage of total XP
 D = Non-vault monster count
 E = Vault monster count
 F = Vault count percentage of total count
                 A         B        C        D         E       F
            +---------+---------+-------+---------+---------+-------
      Total |     299 |       0 |   0.0 |      28 |       0 |   0.0
            +---------+---------+-------+---------+---------+-------
        D:1 |       2 |       0 |   0.0 |       2 |       0 |   0.0
        D:2 |      12 |       0 |   0.0 |       7 |       0 |   0.0
        D:3 |      44 |       0 |   0.0 |      13 |       0 |   0.0
        D:4 |     241 |       0 |   0.0 |       6 |       0 |   0.0
            +---------+---------+-------+---------+---------+-------
